 Dungeon Crawl Stone Soup version 0.31-a0-844-gdc52ec4e09 (webtiles) character file.

Game seed: 10433465978162348830

644 Ethylacetat the Ruffian (level 7, -7/72 HPs)
             Began as an Octopode Shapeshifter on Sept 30, 2023.
             Mangled by a tentacled starspawn (21 damage)
             ... on level 1 of the Abyss.
             The game lasted 00:06:55 (3339 turns).

Ethylacetat the Ruffian (Octopode Shapeshifter)     Turns: 3339, Time: 00:06:55

Health: -7/72      AC: 23    Str: 14      XL:     7   Next: 52%
Magic:  7/7        EV: -1    Int: 12      God:
Gold:   159        SH:  0    Dex: 12 (13) Spells: 6/6 levels left

rFire   . .          .
                       - Unarmed
rCold   . . .        (no shield)
rNeg    . . .        (helmet currently unavailable)
rPois   +            (no amulet)
rElec   .            g - +5 ring of evasion
rCorr   .            s - ring of flight
SInv    .            (no ring)
Will    .....        (no ring)
Stlth   +            (no ring)
HPRegen 0.00/turn    (no ring)
MPRegen 0.10/turn    (no ring)
                     (no ring)

%: no passive effects
@: brilliant, tree-form, attractive, sick, hasted, constricted, very quick
A: stationary, stasis, torment immunity, boosted hp, almost no armour,
(amphibious), 8 rings, (camouflage 1), (gelatinous body 1), (nimble swimmer 1),
(tentacles), (shaggy fur 1)
a: no special abilities


You were on level 1 of the Abyss.
You were a tree.
You visited 1 branch of the dungeon, and saw 4 of its levels.
You visited the Abyss 1 time.
You also visited: Ossuary.

You collected 173 gold pieces.
You spent 14 gold pieces at shops.

Inventory:

Jewellery
 g - a +5 ring of evasion (left branch)
 s - a ring of flight (right branch)
Talismans
 b - a beast talisman
 c - a flux talisman
 h - a talisman of death
Scrolls
 i - 3 scrolls of poison {unknown}
 j - a scroll of vulnerability {unknown}
 k - a scroll of revelation {unknown}
 l - a scroll of fear {unknown}
 m - 4 scrolls of noise {unknown}
 n - 3 scrolls of identify {unknown}
 o - a scroll of teleportation {unknown}
 r - a scroll of immolation {unknown}
 u - a scroll of silence {unknown}
 v - a scroll of enchant armour {unknown}
Potions
 a - a potion of lignification
 d - 2 potions of curing
 p - 4 potions of mutation
 q - 2 potions of ambrosia
 w - a potion of enlightenment {unknown}
 x - 2 potions of heal wounds {unknown}


   Skills:
 + Level 4.0 Fighting
 + Level 4.3 Dodging
 + Level 4.9 Unarmed Combat
 + Level 4.5 Shapeshifting


You had 6 spell levels left.
You didn't know any spells.
Your spell library was empty.

Dungeon Overview and Level Annotations

Branches:
Dungeon (4/15)            Ossuary (visited)
 Temple: D:4-7

Altars:

Shops:
D:1 *

Portals:
Abyss: D:4

Annotations:
D:4 1 transporter, Pascal76's ghost, amateur GrGl


Innate Abilities, Weirdness & Mutations

You are a tree.
Your roots penetrate the ground, keeping you stationary.
You cannot be teleported.
You are immune to unholy pain and torment.
Your maximum health is greatly increased.
You cannot wear most types of armour.
((You are amphibious.))
You can wear up to eight rings at the same time.
((Your skin changes colour to match your surroundings (Stealth+).))
((Your rubbery body absorbs attacks. (AC +1, EV +1)))
((You are camouflaged when in or above water. (Stealth+)))
((You have tentacles for arms and can constrict up to eight enemies at once.))
((You are covered in fur. (AC +1)))


Message History

It was a potion of ambrosia.
You are confused.
You feel invigorated.
The shock serpent changes into a cyclops!
The tentacled starspawn bites you but does no damage.
The tentacled starspawn tentacle-slaps you but does no damage.
The starspawn tentacle constricts you.
You cannot move. (Use ctrl+direction or * direction to attack while stationary and confused.)
You attack the stone wall.
The cyclops changes into a moth of wrath!
You closely miss the tentacled starspawn.
The starspawn tentacle loses its grip on you.
You feel ill. The starspawn tentacle grabs you.
The starspawn tentacle constricts you. The tentacled starspawn bites you!
The tentacled starspawn tentacle-slaps you but does no damage.
You attack the stone wall.
The moth of wrath goads the tentacled monstrosity on!
The tentacled monstrosity goes berserk!
The moth of wrath goads the tentacled monstrosity on!
The tentacled monstrosity goes berserk!
The starspawn tentacle constricts you.
The tentacled starspawn bites you but does no damage.
The tentacled starspawn tentacle-slaps you.
The small abomination is attracted toward you.
You closely miss the starspawn tentacle.
The starspawn tentacle constricts you. The tentacled starspawn bites you!!
The tentacled starspawn tentacle-slaps you.
* * * LOW HITPOINT WARNING * * *
Unknown command.
It was a potion of haste.
You feel yourself speed up.
You feel less invigorated.
You feel less confused.
The tentacled monstrosity rages.
The tentacled starspawn bites you!
* * * LOW HITPOINT WARNING * * *
The tentacled starspawn tentacle-slaps you.
* * * LOW HITPOINT WARNING * * *
The starspawn tentacle constricts you.
You hit the starspawn tentacle but do no damage.
The starspawn tentacle constricts you. The tentacled starspawn bites you!!
You die... ..§ ._.. ..xx# ..XXt

#s.y###
XX#!#
###wX#
##.w♣#
....#####
.


You could see 2 tentacled monstrosities, a tentacled starspawn, a demonic
crawler, an ancient zyme, an apocalypse crab, a moth of wrath shaped shifter, 2
large abominations, a small abomination and 2 starspawn tentacles.

Vanquished Creatures
  A black bear (D:4)
  An ogre (D:4)
  2 scorpions (D:4)
  A water moccasin zombie (Ossuary)
  A howler monkey (D:4)
  A gnoll bouda (D:4)
  2 iguanas (D:4)
  2 mummies (Ossuary)
  3 gnolls (D:4)
  4 adders
  A white imp (D:4)
  3 adder zombies (Ossuary)
  2 dart slugs
  2 orcs
  5 endoplasms
  3 giant cockroaches
  3 gnoll zombies (Ossuary)
  9 goblins
  6 hobgoblins
  4 jackals (D:2)
  8 kobolds
  2 quokkas
  7 ball pythons
  4 bats
  3 frilled lizards
  3 hobgoblin zombies (Ossuary)
  5 kobold zombies (Ossuary)
  8 orc zombies (Ossuary)
  2 quokka zombies (D:4)
  3 rats
101 creatures vanquished.

Notes
Turn   | Place    | Note
-------+----------+-------------------------------------------
     0 | D:1      | Ethylacetat the Octopode Shapeshifter began the quest for
                  | the Orb.
     0 | D:1      | Reached XP level 1. HP: 13/13 MP: 1/1
   110 | D:1      | Reached XP level 2. HP: 15/18 MP: 2/2
   308 | D:1      | Found a faded altar of an unknown god.
   449 | D:1      | Found Ciori's General Store.
   453 | D:1      | Bought a potion of degeneration for 14 gold pieces
   595 | D:1      | Reached XP level 3. HP: 23/23 MP: 3/3
  1804 | D:3      | Reached XP level 4. HP: 29/29 MP: 4/4
  2289 | D:4      | Noticed a black bear
  2296 | D:4      | Killed a black bear
  2297 | D:4      | Reached XP level 5. HP: 22/36 MP: 5/5
  2306 | D:4      | Reached XP level 6. HP: 15/42 MP: 6/6
  2312 | D:4      | Found a transporter.
  2403 | D:4      | Found a sand-covered staircase.
  2425 | Ossuary  | Entered an ossuary
  2722 | D:4      | Reached XP level 7. HP: 46/46 MP: 7/7
  2764 | D:4      | Found a one-way gate to the infinite horrors of the Abyss.
  2764 | D:4      | Noticed Pascal76's ghost (amateur GrGl)
  2810 | D:4      | Found a transporter.
  3328 | Abyss:1  | a glowing shapeshifter changed into a deep troll
  3328 | Abyss:1  | Noticed a deep troll (glowing shapeshifter)
  3328 | Abyss:1  | Noticed an apocalypse crab
  3328 | Abyss:1  | Noticed a tentacled monstrosity
  3328 | Abyss:1  | Noticed a tentacled monstrosity
  3328 | Abyss:1  | Noticed a tentacled starspawn
  3328 | Abyss:1  | Found a corrupted altar of Lugonu.
  3328 | Abyss:1  | Cast into level 1 of the Abyss (kobold brigand)
  3330 | Abyss:1  | a deep troll changed into a shock serpent
  3330 | Abyss:1  | Noticed a shock serpent (glowing shapeshifter)
  3330 | Abyss:1  | Noticed a demonic crawler
  3331 | Abyss:1  | Noticed a large abomination
  3331 | Abyss:1  | Noticed an ancient zyme
  3332 | Abyss:1  | Gained mutation: You are covered in fur. (AC +1) [potion of
                  | mutation]
  3333 | Abyss:1  | a shock serpent changed into a cyclops
  3333 | Abyss:1  | Noticed a cyclops (glowing shapeshifter)
  3334 | Abyss:1  | a cyclops changed into a moth of wrath
  3334 | Abyss:1  | Noticed a moth of wrath (glowing shapeshifter)
  3339 | Abyss:1  | Mangled by a tentacled starspawn

Illustrated notes

Levels and vault maps discovered:
D:1:      reono_arrival_mine, layout_basic, serial_shops, shop,
          ebering_ecumenical_altar_ruins
D:2:      layout_loops_corners
D:3:      layout_loops_ring
D:4:      layout_basic, enter_ossuary_4, gammafunk_ghost_abyssal_escape
Abyss:1:  base: Temple, gammafunk_corrupted_shrine

Skill      XL: |  1  2  3  4  5  6  7 |
---------------+----------------------+-----
Fighting       | 2 3 4 |  4.0
Dodging        | 3 4 |  4.3
Unarmed Combat | 4 |  4.9
Shapeshifting  | 4 |  4.5

Action                     |  1- 3 |  4- 6 |  7- 9 || total
---------------------------+-------+-------+-------++-------
  Melee: Unarmed           |    65 |   101 |    41 ||   207
         Constrict         |    19 |    38 |     8 ||    65
         Tentacles         |    11 |    27 |    12 ||    50
         Punch             |     1 |     3 |     3 ||     7
    Use: Potion            |       |       |     7 ||     7
   Stab: Sleeping          |    12 |    13 |     2 ||    27
 Armour: Skin              |    15 |    23 |    31 ||    69
  Dodge: Dodged            |    37 |    59 |    17 ||   113

Table legend: (Time is in decaauts)
 A = Elapsed time spent in this place.
 B = Non-inter-level travel time spent in this place.
 C = Inter-level travel time spent in this place.
 D = Time resting spent in this place.
 E = Time spent auto-exploring this place.
 F = Levels seen in this place.
 G = Mean time per level.
                   A        B        C        D        E       F      G
               +--------+--------+--------+--------+--------+-----+--------+
         Total |   3322 |   3206 |    116 |      0 |   2495 |   6 |  553.7 |
       Dungeon |   3122 |   3006 |    116 |      0 |   2390 |   4 |  780.5 |
         Abyss |     10 |     10 |      0 |      0 |      0 |   1 |   10.0 |
       Ossuary |    189 |    189 |      0 |      0 |    105 |   1 |  189.0 |
               +--------+--------+--------+--------+--------+-----+--------+

Top non-repeatable levels by time:
     D:2: 952 daAuts
     D:4: 874 daAuts
     D:1: 669 daAuts
     D:3: 625 daAuts
 Ossuary: 189 daAuts
 Abyss:1: 10 daAuts
